[Event "Titled Tuesday Blitz January 03 Early 2023"]
[White "Martynov, Pavel"]
[Black "Valle Maytin, Luis Enrique"]
[WhiteFideId "4101260"]
[BlackFideId "3503666"]
[WhiteElo "2414"]
[BlackElo "2241"]
[Result "0-1"]
[Round "08"]
[TimeControl "180+2"]
[Date "2023.01.03"]
[WhiteClock "0:00:01"]
[BlackClock "0:00:05"]

1. e4 c6 2. d4 d5 3. exd5 cxd5 4. c4 Nc6 5. Nc3 Nf6 6. Bg5 Ne4 7. cxd5 Nxc3 8. bxc3 Qxd5 9. Nf3 Bg4 10. Be3 e6 11. Be2 Be7 12. O-O O-O 13. h3 Bh5 14. Rb1 Qd7 15. c4 Rad8 16. g4 Bg6 17. Rb5 a6 18. Rb6 Be4 19. Nd2 Bg6 20. Nf3 Be4 21. Nd2 Bg6 22. Nb3 Qc7 23. c5 Be4 24. Qc1 Bd5 25. Bc4 Bxc4 26. Qxc4 Rc8 27. Rb1 Ne5 28. Qe2 Nd7 29. Rb4 Nf6 30. Nd2 Rb8 31. Nc4 Nd5 32. R4b3 Rfc8 33. Nb6 Rd8 34. Qf3 g5 35. a4 Nxb6 36. Rxb6 Rd5 37. c6 Rbd8 38. Rxb7 Qd6 39. c7 Rc8 40. Rc1 Qd7 41. Rb8 Bf8 42. Rxc8 Qxc8 43. Qe2 Bd6 44. Qc4 Ra5 45. Bd2 Rd5 46. Qc6 Rxd4 47. Be3 Rd5 48. Bb6 Bxc7 0-1


[Site "https://www.chess.com"]

[Event "Titled Tuesday Blitz January 03 Early 2023"]
[White "Aloma Vidal, Robert"]
[Black "Jovic, Stanoje"]
[WhiteFideId "2260409"]
[BlackFideId "905020"]
[WhiteElo "2442"]
[BlackElo "2075"]
[Result "1-0"]
[Round "08"]
[TimeControl "180+2"]
[Date "2023.01.03"]
[WhiteClock "0:00:19"]
[BlackClock "0:00:34"]

1. e4 c6 2. d4 d5 3. e5 c5 4. dxc5 e6 5. Bd3 Bxc5 6. Qg4 Ne7 7. b4 h5 8. Qf4 Bb6 9. Nf3 Nbc6 10. b5 Na5 11. Nbd2 Bd7 12. O-O Rc8 13. Ba3 Bc5 14. Bb2 Nf5 15. h3 Be7 16. Nd4 g5 17. Qf3 g4 18. hxg4 hxg4 19. Qxg4 Nxd4 20. Bxd4 Nc4 21. Nxc4 dxc4 22. Be4 Bxb5 23. Rad1 Qc7 24. Qg7 Rf8 25. f4 Bc6 26. Bxc6+ Qxc6 27. f5 c3 28. Rf3 Bc5 29. Kh2 Bxd4 30. Rxd4 Qc5 31. Rd6 exf5 32. Rxf5 Rc6 33. Qf6 Qe3 34. Rd8# 1-0


[Site "https://www.chess.com"]

[Event "Titled Tuesday Blitz January 03 Early 2023"]
[White "Piesik, Piotr"]
[Black "Ansh M Shah"]
[WhiteFideId "1136194"]
[BlackFideId "25033379"]
[WhiteElo "2426"]
[BlackElo "2171"]
[Result "0-1"]
[Round "08"]
[TimeControl "180+2"]
[Date "2023.01.03"]
[WhiteClock "0:00:22"]
[BlackClock "0:00:12"]

1. Nf3 Nf6 2. g3 e6 3. Bg2 d5 4. O-O c5 5. d3 Nc6 6. Nbd2 Be7 7. e4 O-O 8. Re1 d4 9. a4 b6 10. Nc4 Bb7 11. a5 b5 12. a6 Bc8 13. Nce5 Nxe5 14. Nxe5 Qb6 15. f4 Bxa6 16. g4 Bc8 17. f5 Nd7 18. Nf3 Bb7 19. Bf4 a5 20. g5 a4 21. h4 Rfe8 22. h5 Bf8 23. g6 exf5 24. gxf7+ Kxf7 25. h6 gxh6 26. Nh4 fxe4 27. Qh5+ Kg8 28. Bxe4 Bxe4 29. dxe4 Nf6 30. Qf3 Qe6 31. Nf5 Nxe4 32. Rxe4 Qxe4 33. Qg4+ Kh8 34. Rf1 Re6 35. Nh4 Bd6 36. Kh2 Rg8 37. Qf5 Qxf5 38. Nxf5 Bxf4+ 39. Rxf4 Rf8 0-1


[Site "https://www.chess.com"]

[Event "Titled Tuesday Blitz January 03 Early 2023"]
[White "Ingebretsen, Jens E"]
[Black "Ljukin, Sergei"]
[WhiteFideId "1522965"]
[BlackFideId "14102200"]
[WhiteElo "2342"]
[BlackElo "2362"]
[Result "0-1"]
[Round "08"]
[TimeControl "180+2"]
[Date "2023.01.03"]
[WhiteClock "0:00:14"]
[BlackClock "0:00:08"]

1. d4 d5 2. Nf3 Nf6 3. Bf4 c5 4. e3 Nc6 5. Nbd2 Bf5 6. c3 e6 7. Be2 Bd6 8. O-O Bxf4 9. exf4 cxd4 10. cxd4 O-O 11. Nb3 Ne4 12. Ne5 Rc8 13. Rc1 Nxe5 14. Rxc8 Qxc8 15. fxe5 f6 16. f3 Ng5 17. h4 Nf7 18. g4 Bc2 19. Qd2 Bxb3 20. exf6 Qc2 21. Qf4 Qxe2 22. fxg7 Kxg7 23. axb3 e5 24. dxe5 Qxe5 25. Qd2 Qg3+ 26. Qg2 Qxh4 27. f4 Rd8 28. f5 d4 29. f6+ Kg8 30. Rf5 d3 31. Rh5 Qe1+ 32. Kh2 d2 33. g5 d1=Q 34. g6 Qxh5+ 35. Qh3 Qf2+ 36. Kh1 Qxh3# 0-1


[Site "https://www.chess.com"]

[Event "Titled Tuesday Blitz January 03 Early 2023"]
[White "Pein, Jonathan"]
[Black "Goroshkov, Maksym"]
[WhiteFideId "417092"]
[BlackFideId "14142716"]
[WhiteElo "2265"]
[BlackElo "2287"]
[Result "1/2-1/2"]
[Round "08"]
[TimeControl "180+2"]
[Date "2023.01.03"]
[WhiteClock "0:00:09"]
[BlackClock "0:00:10"]

1. e4 e5 2. Nc3 Nf6 3. Nf3 Nc6 4. g3 Be7 5. Bg2 O-O 6. O-O d6 7. d4 Bg4 8. d5 Nd4 9. Be3 Nxf3+ 10. Bxf3 Bh3 11. Bg2 Bxg2 12. Kxg2 Qd7 13. a4 Ng4 14. Bd2 f5 15. f3 Nf6 16. a5 c6 17. Bg5 Nxd5 18. exd5 Bxg5 19. a6 c5 20. axb7 Qxb7 21. Qd3 a6 22. Ra4 a5 23. Rfa1 Bd8 24. Qb5 Qf7 25. Qc6 Be7 26. Rxa5 Rac8 27. Qd7 Rfd8 28. Qe6 Qxe6 29. dxe6 d5 30. Ra7 Kf8 31. Rd7 Rxd7 32. exd7 Rd8 33. Nxd5 Rxd7 34. c4 Rb7 35. Ra2 Bf6 36. Kf2 e4 37. Nxf6 gxf6 38. fxe4 fxe4 39. Ke3 f5 40. Kf4 Rb3 41. Kxf5 e3 42. Kf6 Ke8 43. Ra7 Rb6+ 44. Kf5 e2 45. Ra1 Rxb2 46. Ke5 Rd2 47. Ke6 Kd8 48. Re1 Kc7 49. Ke5 Kc6 50. Ke4 Kd6 51. Ke3 Rc2 52. Rxe2 Rxc4 53. Rd2+ Ke5 54. Rd7 h5 55. Rh7 Rc3+ 56. Kd2 Ra3 57. Rxh5+ Ke4 58. Rh4+ Kf3 59. Rf4+ Kg2 60. Rf5 c4 61. Kc2 Kxh2 62. Rc5 Rxg3 63. Rxc4 Rg2+ 64. Kb3 Rg3+ 65. Rc3 Rxc3+ 66. Kxc3 1/2-1/2


[Site "https://www.chess.com"]

[Event "Titled Tuesday Blitz January 03 Early 2023"]
[White "Papp, Levente"]
[Black "Dinu, Dumitru-Daniel"]
[WhiteFideId "751243"]
[BlackFideId "1208403"]
[WhiteElo "2353"]
[BlackElo "2203"]
[Result "1-0"]
[Round "08"]
[TimeControl "180+2"]
[Date "2023.01.03"]
[WhiteClock "0:00:04"]
[BlackClock "0:00:02"]

1. c4 Nf6 2. Nc3 g6 3. g3 Bg7 4. Bg2 O-O 5. e4 c5 6. Nge2 Nc6 7. O-O d6 8. d3 e5 9. Rb1 Ne8 10. a3 a5 11. Nd5 Be6 12. Bd2 Bxd5 13. cxd5 Ne7 14. b4 axb4 15. axb4 b6 16. Qb3 Nc7 17. Ra1 Qd7 18. Nc3 cxb4 19. Qxb4 Na6 20. Qxb6 Nc5 21. Qb5 Qc7 22. Qc4 Rxa1 23. Rxa1 Re8 24. Nb5 Qb8 25. Bh3 Nc8 26. Bxc8 Rxc8 27. Na7 Re8 28. Qb5 Qxb5 29. Nxb5 Bf8 30. Bb4 Nxd3 31. Bxd6 Bh6 32. Bc7 Nc5 33. d6 Bg5 34. f3 Be3+ 35. Kg2 Bg5 36. Rd1 Nd7 37. Ra1 Nc5 38. Nc3 Kg7 39. Nd5 Rc8 40. h4 Bd8 41. Rc1 Ne6 42. Rc3 Bxc7 43. dxc7 Kf8 44. Kf2 Ke8 45. Ke3 h5 46. f4 exf4+ 47. gxf4 f5 48. exf5 gxf5 49. Kd3 Kf7 50. Rc6 Ng7 51. Nb6 1-0


[Site "https://www.chess.com"]

[Event "Titled Tuesday Blitz January 03 Early 2023"]
[White "Batsiashvili, Nino"]
[Black "Sourath Biswas"]
[WhiteFideId "13602993"]
[BlackFideId "35091484"]
[WhiteElo "2467"]
[BlackElo "2281"]
[Result "1-0"]
[Round "08"]
[TimeControl "180+2"]
[Date "2023.01.03"]
[WhiteClock "0:00:44"]
[BlackClock "0:00:02"]

1. d4 Nf6 2. Nf3 g6 3. Bg5 Bg7 4. Nbd2 d5 5. e3 O-O 6. Be2 c5 7. O-O b6 8. a4 Nc6 9. Ne5 Bb7 10. Nxc6 Bxc6 11. a5 c4 12. a6 h6 13. Bf4 Nd7 14. Bf3 e5 15. dxe5 Nxe5 16. Bxe5 Bxe5 17. Nxc4 Bg7 18. c3 Rc8 19. Nd2 Bb5 20. Re1 Qg5 21. Nb3 Rfd8 22. Nd4 Bd7 23. Qd3 Rc5 24. Red1 Bc8 25. Ne2 Bf6 26. Nf4 Bf5 27. Qd2 Be4 28. Bxe4 dxe4 29. Qc2 Rxd1+ 30. Rxd1 Qe5 31. Rd4 Ra5 32. g3 Qb5 33. Rd1 Rxa6 34. Qxe4 Qxb2 35. Qe8+ Kg7 36. Rd7 Ra1+ 37. Kg2 Qb3 38. Ne6+ 1-0


[Site "https://www.chess.com"]

[Event "Titled Tuesday Blitz January 03 Early 2023"]
[White "Freitag, Manfred"]
[Black "Perez Rodriguez, Jennifer"]
[WhiteFideId "1602004"]
[BlackFideId "3507831"]
[WhiteElo "2352"]
[BlackElo "2242"]
[Result "1-0"]
[Round "08"]
[TimeControl "180+2"]
[Date "2023.01.03"]
[WhiteClock "0:01:54"]
[BlackClock "0:00:43"]

1. e4 e5 2. Nf3 Nc6 3. Bb5 f5 4. d3 fxe4 5. dxe4 Nf6 6. O-O d6 7. Bc4 Na5 8. Bd3 Be7 9. Bd2 Nc6 10. Bc4 Bg4 11. Re1 Nd4 12. Nxd4 Bxd1 13. Ne6 Bxc2 14. Nxd8 Rxd8 15. Nc3 c6 16. Rac1 Bxe4 17. Nxe4 Nxe4 18. Rxe4 d5 19. Rxe5 dxc4 20. Bb4 Rd7 21. Rce1 O-O 22. Bxe7 Re8 23. Bb4 Rxe5 24. Rxe5 b6 25. Kf1 c5 26. Bc3 Kf7 27. a4 Rd1+ 28. Re1 Rd5 29. g4 a6 30. h3 b5 31. axb5 axb5 32. Re5 Rd1+ 33. Ke2 Rb1 34. Rxc5 b4 35. Bxb4 Rxb2+ 36. Bd2 Rb3 37. f3 Rb1 38. Rxc4 Rh1 39. Rc7+ Kg6 40. Bc3 Rh2+ 41. Ke3 Rxh3 42. Rxg7+ Kh6 43. g5+ 1-0


[Site "https://www.chess.com"]

[Event "Titled Tuesday Blitz January 03 Early 2023"]
[White "Aldokhin, Ivan"]
[Black "Lopez Del Alamo, Antonio"]
[WhiteFideId "24115720"]
[BlackFideId "2227339"]
[WhiteElo "2413"]
[BlackElo "2280"]
[Result "1-0"]
[Round "08"]
[TimeControl "180+2"]
[Date "2023.01.03"]
[WhiteClock "0:00:04"]
[BlackClock "0:00:12"]

1. e4 c5 2. Nf3 e6 3. d4 cxd4 4. Nxd4 Nf6 5. Nc3 Nc6 6. Nxc6 bxc6 7. Bd3 d5 8. Bf4 Be7 9. O-O O-O 10. Qe2 d4 11. Nb1 Qa5 12. Nd2 Nd7 13. e5 f5 14. Nc4 Qd8 15. Nd2 g5 16. Bg3 f4 17. Qe4 Rf7 18. Qxc6 Nb6 19. Qe4 Qd7 20. Nb3 Bb7 21. Qxd4 Qc6 22. f3 fxg3 23. hxg3 a5 24. a4 Rd8 25. Qg4 Rxd3 26. cxd3 Qd5 27. Nd2 Qc5+ 28. d4 Qc2 29. Ne4 Bxe4 30. fxe4 Qxb2 31. Rxf7 Qxa1+ 32. Rf1 Qxd4+ 33. Kh2 Qd7 34. Qh5 Bd8 35. Qh6 Nc4 36. Qf8# 1-0


[Site "https://www.chess.com"]

[Event "Titled Tuesday Blitz January 03 Early 2023"]
[White "Tsotsonava, Elene"]
[Black "Sharifov, Mekhriddin"]
[WhiteFideId "13615939"]
[BlackFideId "14701545"]
[WhiteElo "2053"]
[BlackElo "2209"]
[Result "0-1"]
[Round "08"]
[TimeControl "180+2"]
[Date "2023.01.03"]
[WhiteClock "0:00:11"]
[BlackClock "0:00:17"]

1. e4 c5 2. Nf3 e6 3. d4 cxd4 4. Nxd4 Nf6 5. Nc3 d6 6. g4 h6 7. h4 Nc6 8. Be3 d5 9. Bb5 Bd7 10. exd5 Nxd5 11. Nxd5 exd5 12. Qd2 Be7 13. O-O-O a6 14. Ba4 Bxh4 15. g5 hxg5 16. Kb1 Nxd4 17. Bxd7+ Qxd7 18. Qxd4 O-O-O 19. Qa7 d4 20. Rxd4 Qc6 21. Rhd1 Rxd4 22. Rxd4 Re8 23. Rd3 Bxf2 24. Rc3 Qxc3 25. bxc3 Rxe3 26. Qc5+ Kb8 27. Qf8+ Ka7 28. Qc5+ Kb8 29. Qf8+ Ka7 30. Qxf7 Re1+ 31. Kb2 Bb6 32. Qxg7 Rg1 33. a4 Rg4 34. Qe5 a5 35. c4 Bd4+ 0-1


[Site "https://www.chess.com"]

[Event "Titled Tuesday Blitz January 03 Early 2023"]
[White "Ankerst, Mihael"]
[Black "Maksimenko, Viktor"]
[WhiteFideId "14602369"]
[BlackFideId "13710478"]
[WhiteElo "2370"]
[BlackElo "2196"]
[Result "1/2-1/2"]
[Round "08"]
[TimeControl "180+2"]
[Date "2023.01.03"]
[WhiteClock "0:00:05"]
[BlackClock "0:01:10"]

1. e4 e5 2. Nf3 Nc6 3. Nc3 Nf6 4. d4 exd4 5. Nxd4 Bb4 6. Nxc6 bxc6 7. Bd3 d5 8. exd5 O-O 9. O-O Bg4 10. f3 Bh5 11. Bg5 cxd5 12. Bxf6 Qxf6 13. Nxd5 Qxb2 14. Nxb4 Qxb4 15. Qe1 Qa4 16. Qe5 Bg6 17. Qxc7 Rac8 18. Qg3 Qd4+ 19. Qf2 Qc3 20. Qxa7 Bxd3 21. cxd3 Qxd3 22. a4 Ra8 23. Qf2 Rfd8 24. Ra2 Qc4 25. a5 Rd6 26. Rfa1 h6 27. h3 Rda6 28. Qd2 Qc5+ 29. Kh1 Rd6 30. Qe1 Rda6 31. Ra4 Qg5 32. Rg4 Rxa5 33. Rd1 Qf6 34. Kh2 h5 35. Re4 g6 36. Rd7 Rf5 37. Ree7 Rf8 38. Qe3 Kg7 39. Re6 Qg5 40. Qd4+ Kg8 41. Re4 Qf6 42. Qe3 Qg5 43. Qxg5 Rxg5 44. g4 hxg4 45. fxg4 Ra5 46. Ree7 Ra3 47. Kg2 Kg7 48. h4 Kf6 49. Kh2 Kg7 50. Kg2 Kg8 51. Kh2 Rb8 52. Rxf7 Rb2+ 53. Kg1 Ra1+ 54. Rf1 Ra4 55. Rc1 Rxg4+ 56. Kf1 Rf4+ 57. Kg1 Rb8 58. Rcc7 Rg4+ 59. Kf2 Rf8+ 60. Ke3 Rxh4 61. Rg7+ Kh8 62. Rxg6 Rh3+ 63. Ke4 Re8+ 64. Kd5 Rh5+ 65. Kd6 1/2-1/2


[Site "https://www.chess.com"]

[Event "Titled Tuesday Blitz January 03 Early 2023"]
[White "Blokhin, Sofia"]
[Black "Christie, Joshua"]
[WhiteFideId "4508190"]
[BlackFideId "7402074"]
[WhiteElo "2062"]
[BlackElo "2294"]
[Result "0-1"]
[Round "08"]
[TimeControl "180+2"]
[Date "2023.01.03"]
[WhiteClock "0:00:07"]
[BlackClock "0:00:21"]

1. d4 Nf6 2. c4 e6 3. Nc3 Bb4 4. f3 d5 5. e3 O-O 6. a3 Be7 7. cxd5 exd5 8. Bd3 c5 9. Nge2 Nc6 10. Bb1 Re8 11. O-O a6 12. Qc2 g6 13. Ba2 Bf5 14. e4 dxe4 15. fxe4 Nxd4 16. Nxd4 Qxd4+ 17. Kh1 Be6 18. Bxe6 fxe6 19. Bg5 Ng4 20. Rad1 Qg7 21. Bxe7 Qxe7 22. e5 Ne3 23. Qe4 Nxf1 24. Rxf1 Rf8 25. Re1 Rf5 26. Qc4 Raf8 27. h3 b5 28. Qd3 Qh4 29. Rd1 Rxe5 30. Qd6 Re1+ 31. Kh2 Rff1 32. Qb8+ Kg7 33. Rd7+ Kh6 34. g3 Rf2# 0-1


[Site "https://www.chess.com"]

[Event "Titled Tuesday Blitz January 03 Early 2023"]
[White "Torres Dominguez, David"]
[Black "Leenhouts, Koen"]
[WhiteFideId "2220857"]
[BlackFideId "1008439"]
[WhiteElo "1994"]
[BlackElo "2447"]
[Result "1-0"]
[Round "08"]
[TimeControl "180+2"]
[Date "2023.01.03"]
[WhiteClock "0:00:14"]
[BlackClock "0:00:04"]

1. e4 c5 2. Nc3 Nc6 3. f4 g6 4. Nf3 Bg7 5. a4 e6 6. d4 cxd4 7. Nb5 d6 8. c3 a6 9. Nbxd4 Nge7 10. Be3 O-O 11. Bd3 Nxd4 12. Nxd4 e5 13. fxe5 dxe5 14. Nb3 Bg4 15. Qxg4 Qxd3 16. Qf3 f5 17. Nc5 Qc4 18. Qe2 Qf7 19. O-O f4 20. Rad1 b6 21. Nd7 Rfd8 22. Bxb6 Re8 23. a5 g5 24. Nc5 h5 25. b3 g4 26. Qc4 Qxc4 27. bxc4 Nc6 28. Rd6 Rec8 29. Ne6 Bf6 30. Nc7 Be7 31. Rxc6 Rab8 32. Rd1 Rd8 33. Nd5 Bg5 34. Rg6+ Kf7 35. Rxg5 Rdc8 36. Rf5+ Kg6 37. Rf6+ Kg7 38. Rd6 Rxc4 39. Rd7+ Kh6 40. Ne7 Rxc3 41. Nf5+ Kg6 42. R1d6+ Kg5 43. Rg7# 1-0


[Site "https://www.chess.com"]

[Event "Titled Tuesday Blitz January 03 Early 2023"]
[White "Baches Garcia, Guillermo"]
[Black "Dragnev, Valentin"]
[WhiteFideId "2209764"]
[BlackFideId "1634852"]
[WhiteElo "2327"]
[BlackElo "2593"]
[Result "0-1"]
[Round "08"]
[TimeControl "180+2"]
[Date "2023.01.03"]
[WhiteClock "0:00:02"]
[BlackClock "0:00:03"]

1. e4 e5 2. Nf3 d6 3. d4 exd4 4. Nxd4 Nf6 5. f3 Be7 6. c4 O-O 7. Nc3 c6 8. Be3 Re8 9. Qd2 d5 10. cxd5 cxd5 11. e5 Nfd7 12. f4 Nc5 13. Bb5 Rf8 14. O-O a6 15. Be2 Nc6 16. Rad1 f6 17. exf6 Rxf6 18. Bf3 Nxd4 19. Bxd4 Rf5 20. g4 Rf7 21. Nxd5 Ne6 22. Bb6 Qf8 23. f5 Bg5 24. Qf2 Nd8 25. h4 Bh6 26. g5 Bxf5 27. gxh6 Bh3 28. Qg3 Bxf1 29. Rxf1 Ne6 30. Be3 Rd8 31. Be2 Rxd5 32. Rxf7 Qxf7 33. Bc4 Rd7 34. hxg7 h5 35. Qh3 Rd1+ 36. Kh2 Re1 37. Bxe6 Re2+ 38. Kh1 Re1+ 39. Bg1 Rxe6 0-1


[Site "https://www.chess.com"]

[Event "Titled Tuesday Blitz January 03 Early 2023"]
[White "Arabidze, Meri"]
[Black "Mica, Marek"]
[WhiteFideId "13604040"]
[BlackFideId "382884"]
[WhiteElo "2441"]
[BlackElo "2256"]
[Result "0-1"]
[Round "08"]
[TimeControl "180+2"]
[Date "2023.01.03"]
[WhiteClock "0:00:03"]
[BlackClock "0:00:02"]

1. b3 d5 2. Bb2 c5 3. Nf3 Nc6 4. e3 a6 5. d4 cxd4 6. Nxd4 Nf6 7. Bd3 Qc7 8. O-O e5 9. Nxc6 bxc6 10. c4 Be6 11. Nd2 Bd6 12. e4 d4 13. Rc1 Nd7 14. Be2 O-O 15. Bg4 Rae8 16. h3 a5 17. Nf3 Nc5 18. Re1 Qd7 19. Bxe6 Qxe6 20. Re2 f5 21. exf5 Qxf5 22. Nxd4 exd4 23. Qxd4 Be5 24. Rxe5 Qxe5 25. Qxe5 Rxe5 26. Bxe5 Nd3 27. Rd1 Nxe5 28. g3 g5 29. Kg2 a4 30. Rd6 axb3 31. axb3 Rb8 32. Re6 Nd3 33. Rxc6 Rxb3 34. Rd6 Rc3 35. Rd5 h6 36. Rd6 Kg7 37. Rd7+ Kg6 38. Rd6+ Kg7 39. Rd7+ Kf6 40. Rd6+ Kf5 41. c5 h5 42. c6 Ne5 43. Rh6 Rxc6 44. Rxh5 Kg6 45. Rh8 Rc2 46. Rd8 Kf5 47. Rf8+ Kg6 48. Rd8 Nc4 49. Kf3 Ne5+ 50. Ke3 Kf5 51. Rf8+ Ke6 52. Re8+ Kf6 53. Rf8+ Nf7 54. Kf3 Rc3+ 55. Kg2 Kg7 56. Ra8 Ne5 57. Ra7+ Kf6 58. Ra6+ Kf5 59. g4+ Kf4 60. Rf6+ Ke4 61. Rf5 Nf3 62. Rf8 Nh4+ 63. Kh2 Rf3 64. Re8+ Kd3 65. Rd8+ Ke2 66. Kg1 Rd3 67. Re8+ Kd2 68. Kh2 Rf3 69. Kg1 Rxh3 70. Rd8+ Rd3 71. Rf8 Rf3 72. Rd8+ Ke2 73. Re8+ Kd3 74. Rd8+ Ke4 75. Re8+ Kf4 0-1


[Site "https://www.chess.com"]

[Event "Titled Tuesday Blitz January 03 Early 2023"]
[White "Williams, Simon K"]
[Black "Mohammed, Zozek Salah Mohammed"]
[WhiteFideId "404454"]
[BlackFideId "4803361"]
[WhiteElo "2465"]
[BlackElo "2210"]
[Result "0-1"]
[Round "08"]
[TimeControl "180+2"]
[Date "2023.01.03"]
[WhiteClock "0:00:51"]
[BlackClock "0:00:29"]

1. d4 Nf6 2. Bg5 c5 3. d5 Qb6 4. Nc3 d6 5. e4 g6 6. Qd2 Bg7 7. a4 a6 8. a5 Qxb2 9. Ra2 Nxe4 10. Rxb2 Bxc3 11. Qxc3 Nxc3 12. Bc4 Nd7 13. Nf3 Nf6 14. O-O Ncxd5 15. Rd1 Be6 16. Rxb7 Nc3 17. Bxf6 exf6 18. Re1 d5 19. Re3 O-O 20. Rxc3 dxc4 21. h3 Rab8 22. Ra7 Ra8 23. Rxa8 Rxa8 24. Nd2 Rb8 25. Ne4 Rb5 26. g4 Kg7 27. f4 Rxa5 28. g5 fxg5 29. fxg5 Rb5 30. Ra3 a5 31. Ra1 Bf5 32. Nf6 Bxc2 33. Re1 Rb8 34. Ne8+ Kf8 35. Nf6 Rb1 0-1


[Site "https://www.chess.com"]

[Event "Titled Tuesday Blitz January 03 Early 2023"]
[White "Mogirzan, Matei-Valeriu"]
[Black "Shuvalova, Polina"]
[WhiteFideId "1257455"]
[BlackFideId "24171760"]
[WhiteElo "1813"]
[BlackElo "2484"]
[Result "0-1"]
[Round "08"]
[TimeControl "180+2"]
[Date "2023.01.03"]
[WhiteClock "0:00:03"]
[BlackClock "0:01:21"]

1. e4 e5 2. f4 d5 3. Nf3 exf4 4. exd5 Nf6 5. Nc3 Nxd5 6. Be2 Nc6 7. O-O Nxc3 8. bxc3 Bd6 9. d4 O-O 10. c4 Bg4 11. c3 b6 12. d5 Bxf3 13. Rxf3 Ne7 14. Bxf4 Bxf4 15. Rxf4 Qd6 16. Qd2 Ng6 17. Rf3 Ne5 18. Rg3 Rae8 19. Rf1 f5 20. Rg5 g6 21. h4 Nf7 22. Rfxf5 Nxg5 23. Rxg5 Qf4 24. Qxf4 Rxf4 25. Bg4 Kg7 26. Be6 Rxh4 27. Rg3 Rxc4 28. d6 Rxe6 29. d7 Rd6 0-1


[Site "https://www.chess.com"]

[Event "Titled Tuesday Blitz January 03 Early 2023"]
[White "Golubova, Anna"]
[Black "Skliarov, Viktor"]
[WhiteFideId "24173606"]
[BlackFideId "14106736"]
[WhiteElo "2156"]
[BlackElo "2383"]
[Result "0-1"]
[Round "08"]
[TimeControl "180+2"]
[Date "2023.01.03"]
[WhiteClock "0:00:34"]
[BlackClock "0:00:08"]

1. d4 Nf6 2. Nf3 g6 3. g3 Bg7 4. Bg2 O-O 5. O-O c6 6. c4 d5 7. cxd5 cxd5 8. Nc3 Nc6 9. Ne5 Nd7 10. Nxc6 bxc6 11. Bf4 e5 12. dxe5 Nxe5 13. Rc1 Bg4 14. h3 Bf5 15. Na4 Rc8 16. Nc5 Nc4 17. b3 Nd6 18. Qd2 Re8 19. g4 Be6 20. Rfd1 Qe7 21. Bg5 Bf6 22. Bxf6 Qxf6 23. Nxe6 fxe6 24. e4 Nxe4 25. Bxe4 dxe4 26. Qe3 Qb2 27. Rd7 Rf8 28. Rcd1 Rf3 29. Qxa7 c5 30. R1d2 Qe5 31. Rd8+ Rf8 32. Qe7 Rcxd8 33. Rxd8 Rxd8 34. Qxd8+ Kg7 35. Qd2 h5 36. a4 hxg4 37. hxg4 Qa1+ 38. Kg2 Qa3 39. Qc3+ Kf7 40. a5 g5 41. Qd2 Qxb3 42. Qd7+ Kg6 43. Qe8+ Kf6 44. Qf8+ Kg6 45. a6 Qa3 46. Qe8+ Kf6 47. Qd8+ Kg6 48. Qd1 Qxa6 49. Qe2 Qxe2 0-1


[Site "https://www.chess.com"]

[Event "Titled Tuesday Blitz January 03 Early 2023"]
[White "Maltsevskaya, Aleksandra"]
[Black "TheKnightOfBosnia"]
[WhiteFideId "24174041"]
[WhiteElo "2390"]
[BlackElo "2481"]
[Result "0-1"]
[Round "08"]
[TimeControl "180+2"]
[Date "2023.01.03"]
[WhiteClock "0:00:05"]
[BlackClock "0:00:16"]

1. e3 Nf6 2. d3 g6 3. Nd2 Bg7 4. Ne2 O-O 5. g3 d5 6. Bg2 c5 7. O-O Nc6 8. e4 e6 9. Nf3 b5 10. exd5 exd5 11. a4 bxa4 12. Nc3 Be6 13. Nxa4 Nd7 14. Ng5 Qf6 15. Nxe6 fxe6 16. c3 Nce5 17. Nxc5 Nxc5 18. d4 Ncd3 19. dxe5 Nxe5 20. Be3 Nc4 21. Bd4 Qf7 22. b3 Bxd4 23. Qxd4 Nd6 24. Qe5 Nf5 25. Ra6 Rae8 26. c4 dxc4 27. bxc4 Re7 28. c5 Rc8 29. c6 Rec7 30. Re1 Ng7 31. h4 Qf5 32. f4 Qxe5 33. Rxe5 Kf7 34. Rea5 Ra8 35. Rb5 Ne8 36. Rb7 Ke7 37. Kf2 Kd6 38. Ke3 Nf6 39. Kd4 h6 40. Rxc7 Kxc7 41. Ke5 Ng4+ 42. Kxe6 Ne3 43. Bf3 Nf1 44. Kf6 Nxg3 45. Kxg6 h5 0-1


[Site "https://www.chess.com"]

[Event "Titled Tuesday Blitz January 03 Early 2023"]
[White "Krienke, Makaio"]
[Black "djokovic74"]
[WhiteFideId "2038854"]
[WhiteElo "2115"]
[BlackElo "2575"]
[Result "1-0"]
[Round "08"]
[TimeControl "180+2"]
[Date "2023.01.03"]
[WhiteClock "0:00:30"]
[BlackClock "0:00:02"]

1. e4 e6 2. d4 d5 3. Nc3 Nf6 4. Bg5 Be7 5. e5 Nfd7 6. h4 h6 7. Bxe7 Qxe7 8. Qg4 O-O 9. Nh3 c5 10. O-O-O cxd4 11. Nb5 Nxe5 12. Qg3 Nbc6 13. Nxd4 Nxd4 14. Rxd4 Nc6 15. Rd1 Bd7 16. Nf4 Rac8 17. Bd3 Nb4 18. Rhe1 Nxa2+ 19. Kb1 Nb4 20. Nh5 f6 21. Qg6 Nxd3 22. Rxd3 Qf7 23. Qg4 Rc4 24. Qd1 Rxh4 25. Ng3 Rc8 26. c3 Rhc4 27. Ne2 e5 28. Rxd5 Bf5+ 29. Kc1 Be6 30. Rd6 b5 31. f4 b4 32. fxe5 bxc3 33. Nxc3 fxe5 34. Qd2 e4 35. Kb1 Bf5 36. Ka1 Qb7 37. g4 Bh7 38. Rd8+ Rxd8 39. Qxd8+ Kf7 40. Rf1+ Kg6 41. Qe8+ Kg5 42. Qh5# 1-0


[Site "https://www.chess.com"]

[Event "Titled Tuesday Blitz January 03 Early 2023"]
[White "Gascon Del Nogal, Jose Rafael"]
[Black "Degenbaev, Aziz"]
[WhiteFideId "3902463"]
[BlackFideId "13802640"]
[WhiteElo "2459"]
[BlackElo "2203"]
[Result "1-0"]
[Round "08"]
[TimeControl "180+2"]
[Date "2023.01.03"]
[WhiteClock "0:00:46"]
[BlackClock "0:01:04"]

1. e4 c5 2. Nf3 d6 3. d4 cxd4 4. Nxd4 Nf6 5. Nc3 a6 6. Nb3 Nc6 7. Be3 Ng4 8. Bg5 h6 9. Bh4 g5 10. Bg3 Bg7 11. h4 Be6 12. hxg5 hxg5 13. Rxh8+ Bxh8 14. Qd2 Bf6 15. O-O-O Qc7 16. Be2 Nge5 17. Nd5 Bxd5 18. exd5 Nb8 19. Bxe5 dxe5 20. Bg4 Nd7 21. d6 Qc6 22. dxe7 Nc5 23. Nxc5 1-0


[Site "https://www.chess.com"]

[Event "Titled Tuesday Blitz January 03 Early 2023"]
[White "Goltseva, Ekaterina"]
[Black "Redzisz, Michal"]
[WhiteFideId "24173770"]
[BlackFideId "21816107"]
[WhiteElo "2283"]
[BlackElo "2269"]
[Result "1-0"]
[Round "08"]
[TimeControl "180+2"]
[Date "2023.01.03"]
[WhiteClock "0:00:09"]
[BlackClock "0:00:02"]

1. Nf3 Nf6 2. c4 g6 3. Nc3 d5 4. cxd5 Nxd5 5. h4 Nxc3 6. bxc3 Bg7 7. h5 c5 8. h6 Bf6 9. e4 Nc6 10. Bb5 O-O 11. Bxc6 bxc6 12. e5 Bh8 13. Qa4 Qd5 14. O-O c4 15. Re1 Bg4 16. Nd4 Rac8 17. Qxa7 c5 18. Nc2 Bxe5 19. Ne3 Qe4 20. Qxe7 Bh2+ 21. Kxh2 Qxe7 22. Ba3 Be6 23. Kg1 Qg5 24. Rab1 Rfd8 25. Rb5 Rxd2 26. Bc1 Rcd8 27. Bxd2 Rxd2 28. Nxc4 Rd8 29. Ne3 Qxh6 30. Rxc5 Bxa2 31. Rc7 Be6 32. c4 Qf4 33. Ra7 Rd2 34. Rf1 Bxc4 35. Ra4 Rd4 36. g3 Bxf1 37. Ra8+ Kg7 38. gxf4 Bb5 39. f5 1-0


[Site "https://www.chess.com"]

[Event "Titled Tuesday Blitz January 03 Early 2023"]
[White "Padmini, Rout"]
[Black "Manukian, Artak"]
[WhiteFideId "5029295"]
[BlackFideId "13301373"]
[WhiteElo "2375"]
[BlackElo "2196"]
[Result "0-1"]
[Round "08"]
[TimeControl "180+2"]
[Date "2023.01.03"]
[WhiteClock "0:00:35"]
[BlackClock "0:00:42"]

1. Nf3 d5 2. g3 Nf6 3. Bg2 Bg4 4. O-O Nc6 5. c4 d4 6. b4 Bxf3 7. Bxf3 Rb8 8. d3 Nxb4 9. Qa4+ Nc6 10. Bxc6+ bxc6 11. Qxc6+ Qd7 12. Qxd7+ Kxd7 13. Nd2 e5 14. Nb3 Bb4 15. Rb1 a5 16. f4 e4 17. Bb2 exd3 18. exd3 c5 19. a3 Bc3 20. Nxc5+ Kc6 21. Na4 Bxb2 22. Rxb2 Rxb2 23. Nxb2 Rb8 24. Nd1 Rb3 25. Nf2 Rxa3 26. Rb1 a4 27. Kf1 Rb3 28. Ra1 a3 29. Ra2 Kc5 30. h3 Kb4 31. Re2 Rb2 32. Re7 a2 33. Ra7 Rb1+ 0-1


[Site "https://www.chess.com"]